 Dungeon Crawl Stone Soup version 0.30-a0-1066-g63dfefce0d (webtiles) character file.

Game seed: 528127487549319731

1 xian the Conjurer (level 1, -3/11 HPs)
             Began as an Octopode Conjurer on Apr 13, 2023.
             Slain by a kobold
             ... wielding a +0 dagger
              (4 damage)
             ... on level 1 of the Dungeon.
             The game lasted 00:00:08 (94 turns).

xian the Conjurer (Octopode Conjurer)                 Turns: 94, Time: 00:00:09

Health: -3/11      AC:  1    Str:  6    XL:     1   Next: 20%
Magic:  1/3        EV: 13    Int: 20    God:
Gold:   0          SH:  0    Dex: 10    Spells: 3/4 levels left

rFire   . . .      SeeInvis .    (no weapon)
rCold   . . .      Faith    .    (no shield)
rNeg    . . .      Spirit   .    (helmet restricted)
rPois   .          Reflect  .    (no amulet)
rElec   .          Rampage  .    (no ring)
rCorr   .                        (no ring)
Will    .....                    (no ring)
Stlth   +++                      (no ring)
HPRegen 0.21/turn                (no ring)
MPRegen 0.08/turn                (no ring)
                                 (no ring)
                                 (no ring)

@: no status effects
A: almost no armour, amphibious, 8 rings, camouflage 1, gelatinous body 1,
(nimble swimmer 1), tentacles
a: no special abilities


You were on level 1 of the Dungeon.
You visited 1 branch of the dungeon, and saw 1 of its levels.

Inventory:

Scrolls
 b - a scroll of identify {unknown}
Potions
 a - a potion of magic


   Skills:
 + Level 2.0 Dodging
 + Level 2.7 Stealth
 + Level 2.0 Spellcasting
 + Level 4.0 Conjurations


You had 3 spell levels left.
You knew the following spells:

 Your Spells              Type           Power      Damage    Failure   Level
a - Magic Dart            Conj           72%        1d6       3%          1

Your spell library contained the following spells:

 Spells                   Type           Power      Damage    Failure   Level
 Searing Ray              Conj           36%        2d5       4%          2
 Dazzling Flash           Conj/Hex       20%        N/A       21%         3
 Fulminant Prism          Conj/Hex       5%         3d7       56%         4
 Iskenderun's Mystic Bla  Conj/Tloc      10%        2d4       56%         4


Dungeon Overview and Level Annotations

Branches:
Dungeon (1/15)

Altars:


Innate Abilities, Weirdness & Mutations

You cannot wear most types of armour.
You are amphibious.
You can wear up to eight rings at the same time.
Your skin changes colour to match your surroundings (Stealth+).
Your rubbery body absorbs attacks. (AC +1, EV +1)
((You are camouflaged when in or above water. (Stealth+)))
You have tentacles for arms and can constrict up to eight enemies at once.


Message History

The magic dart hits the giant cockroach.
The giant cockroach is heavily wounded.
The magic dart hits the giant cockroach but does no damage.
The giant cockroach is heavily wounded.
The magic dart hits the giant cockroach.
You kill the giant cockroach!
You are out of magic!
You are out of magic!
Magic restored.
b - a scroll labelled NUITIUMEEXT A kobold comes into view.
It is wielding a +0 dagger.
The magic dart hits the kobold.
The kobold is severely wounded.
The kobold shouts!
You can't see any susceptible monsters within range! (Use Z to cast anyway.)
You can't see any susceptible monsters within range! (Use Z to cast anyway.)
You can't see any susceptible monsters within range! (Use Z to cast anyway.)
A rat comes into view.
The magic dart hits the kobold but does no damage.
The kobold is severely wounded.
The magic dart hits the kobold but does no damage.
The kobold is severely wounded.
You are out of magic!
You are out of magic!
You are out of magic!
You closely miss the kobold. Your grab misses the kobold.
The kobold is severely wounded.
The kobold hits you with a +0 dagger.
You closely miss the kobold. Your grab misses the kobold.
The kobold is severely wounded.
The kobold hits you with a +0 dagger.
You tentacle-slap the kobold but do no damage.
Your grab misses the kobold.
The kobold is severely wounded.
The kobold hits you with a +0 dagger.
* * * LOW HITPOINT WARNING * * *
You closely miss the kobold. Your grab misses the kobold.
The kobold is severely wounded.
The kobold hits you with a +0 dagger.
You die...

..# ## #.# #.. .#
#.# #..#.# #.#
#.... # #.#
#.#.##.# #.##
#......# #..#
###r#### ##.# #K#
##'# #@# ###...
##.## ###.....
#...########.......
#.........#.....#+#
#...#####.....### #
##.## #...### #.#
#..## #.# #### #.#


You could see a kobold and a rat.

Vanquished Creatures
  A giant cockroach (D:1)
1 creature vanquished.

Notes
Turn   | Place    | Note
-------+----------+-------------------------------------------
     0 | D:1      | xian the Octopode Conjurer began the quest for the Orb.
     0 | D:1      | Reached XP level 1. HP: 11/11 MP: 3/3
    94 | D:1      | Slain by a kobold

Illustrated notes

Levels and vault maps discovered:
D:1:      evilmike_arrival_crescent, layout_loops_cross

Action                     || total
---------------------------++-------
  Melee: Unarmed           ||     4
   Cast: Magic Dart        ||     6

Table legend: (Time is in decaauts)
 A = Elapsed time spent in this place.
 B = Non-inter-level travel time spent in this place.
 C = Inter-level travel time spent in this place.
 D = Time resting spent in this place.
 E = Time spent auto-exploring this place.
 F = Levels seen in this place.
 G = Mean time per level.
                   A        B        C        D        E       F      G
               +--------+--------+--------+--------+--------+-----+--------+
         Total |     94 |     94 |      0 |      0 |     76 |   1 |   94.0 |
       Dungeon |     94 |     94 |      0 |      0 |     76 |   1 |   94.0 |
               +--------+--------+--------+--------+--------+-----+--------+

Top non-repeatable levels by time:
     D:1: 94 daAuts
